Map: Site Delta LE

Players

Ducati - Winner!

  • Race: Terran Terran
  • League: Diamond
  • Spawn Location: 11:00

Subwayeatn

  • Race: Zerg Zerg
  • League: Platinum
  • Spawn Location: 5:00

VOD

Have the link to the VOD?

Description

Time

  • Played on: Nov. 8, 2023, 2:54 p.m.
  • Length: 22:01
Show
View Real Time Build Order
Export as new Build Order

Ducati Terran - Winner!

Build Orders: Command Center First, Mech 

Get SALT Encoding   

  12  0:00  SCV  
  13  0:12  SCV  
  14  0:24  SCV, Supply Depot  
  15  0:45  SCV  
  16  0:57  SCV  
  17  1:11  Command Center  
  17  1:12  SCV  
  18  1:27  SCV  
  19  1:38  Barracks  
  19  1:39  SCV  
  20  1:58  Command Center  
  20  2:01  SCV  
  21  2:11  Refinery x2  
  21  2:13  SCV  
  22  2:25  Orbital Command, SCV  
  23  2:34  Engineering Bay  
  23  2:40  Supply Depot  
  24  2:50  Orbital Command  
  23  3:00  Marine  
  24  3:07  SCV  
  24  3:10  Refinery  
  25  3:13  SCV  
  25  3:14  Refinery  
  26  3:24  SCV x2  
  28  3:27  Orbital Command  
  28  3:34  Neosteel Armor  
  28  3:42  SCV  
  28  3:43  Factory  
  28  3:44  SCV  
  30  3:53  SCV  
  30  3:54  Factory  
  31  3:57  SCV  
  32  4:06  Barracks  
  32  4:11  SCV  
  32  4:15  SCV  
  34  4:17  SCV  
  34  4:23  SCV  
  36  4:32  Factory Tech Lab  
  36  4:33  SCV  
  37  4:38  Armory  
  37  4:39  SCV  
  37  4:40  SCV  
  37  4:42  Starport  
  39  4:45  Factory Reactor  
  39  4:49  Factory  
  39  4:56  Barracks Tech Lab, Infernal Pre-Igniter  
  39  5:00  SCV  
  39  5:04  Marine  
  39  5:07  Siege Tank  
  44  5:15  SCV  
  45  5:21  Marine  
  45  5:23  Marauder  
  45  5:26  Viking  
  50  5:29  Terran Vehicle Weapons Level 1  
  50  5:35  Supply Depot  
  50  5:36  Supply Depot, SCV  
  50  5:38  SCV x2  
  50  5:39  Marine, Supply Depot  
  54  5:43  Marine  
  54  5:44  Terran Infantry Weapons Level 1  
  54  5:48  Factory Tech Lab, SCV  
  58  5:50  Hellion  
  58  5:51  Combat Shield  
  58  5:54  SCV  
  59  5:57  Barracks, Siege Tank, Marine  
  59  5:59  Hellbat  
  59  6:01  Marine  
  59  6:02  SCV  
  67  6:05  Orbital Command  
  67  6:11  Hellbat  
  69  6:23  Hellion x2  
  73  6:26  Marine x2  
  73  6:27  SCV  
  73  6:29  Siege Tank  
  73  6:32  SCV x2  
  81  6:44  Marine x2  
  83  6:51  Command Center  
  83  6:53  Hellbat  
  85  6:58  Starport Reactor  
  85  7:00  Barracks  
  85  7:01  Barracks Reactor  
  85  7:08  Armory, Engineering Bay  
  85  7:11  SCV  
  85  7:23  Terran Vehicle And Ship Armor Level 1  
  85  7:32  Marine x2  
  85  7:33  Hellbat, Hellion, Supply Depot, SCV x2  
  85  7:36  Supply Depot  
  93  7:37  Supply Depot  
  93  7:38  Terran Infantry Armor Level 1  
  93  7:47  SCV  
  93  7:48  SCV  
  91  7:52  Siege Tank x2  
  91  7:54  Hellion  
  83  8:09  Marine  
  83  8:10  Marine x4  
  83  8:12  Medivac x2  
  92  8:18  Command Center  
  92  8:24  Siege Tank  
  92  8:25  Siege Tank, Command Center  
  98  8:27  Marine  
  98  8:28  Marine x4  
  93  8:42  Medivac  
  93  8:45  Marine x2  
  93  8:46  SCV x2  
  93  8:48  SCV  
  85  8:53  Hellion  
  85  8:54  Hellion, Marine x3  
  86  8:56  Siege Tank  
  86  8:57  Siege Tank, Stimpack  
  86  9:00  SCV  
  93  9:03  Marine x2  
  93  9:07  SCV x2  
  97  9:10  Terran Vehicle Weapons Level 2  
  97  9:11  Marine  
  97  9:12  Marine  
  97  9:15  Hellion  
  102  9:20  SCV x3  
  102  9:22  Medivac x2  
  109  9:27  Marine  
  109  9:28  Barracks Reactor  
  109  9:31  Barracks  
  109  9:33  Barracks  
  98  9:43  Marine  
  98  9:44  Marine x2  
  98  9:45  Marine  
  101  9:53  SCV  
  101  9:54  Planetary Fortress  
  102  10:01  Marine x2  
  102  10:03  Planetary Fortress  
  102  10:06  Missile Turret, SCV  
  89  10:45  Marine  
  89  10:46  Marine x4  
  76  10:53  SCV x4  
  76  10:56  Terran Vehicle And Ship Armor Level 2  
  77  10:58  Siege Tank x2  
  77  10:59  Widow Mine x2  
  77  11:00  SCV  
  77  11:03  Marine  
  77  11:04  Marine x4  
  89  11:09  Supply Depot  
  89  11:10  Barracks Reactor  
  92  11:12  SCV  
  92  11:14  Supply Depot, SCV x4  
  97  11:19  Medivac, Refinery  
  97  11:20  Refinery  
  97  11:21  Marine x4, Widow Mine  
  97  11:24  SCV  
  106  11:26  SCV x4  
  110  11:40  SCV  
  110  11:41  Marine x3  
  110  11:42  Marine x2  
  110  11:46  Siege Tank x2  
  122  11:48  Hellbat x2  
  122  11:53  SCV  
  127  11:54  Factory, Refinery  
  127  11:55  Factory, Refinery  
  127  11:56  SCV  
  127  11:57  Command Center  
  127  11:59  Marine  
  129  12:09  Hellbat x2, Command Center  
  130  12:18  Siege Tank  
  99  13:20  Marine x7  
  99  13:21  Thor  
  99  13:22  Thor  
  99  13:26  Terran Vehicle And Ship Armor Level 3  
  111  13:28  Terran Infantry Weapons Level 2, Terran Vehicle Weapons Level 3  
  111  13:30  Terran Infantry Armor Level 2  
  110  13:37  Marine  
  110  13:38  Marine x6  
  117  13:47  Planetary Fortress  
  117  13:50  Missile Turret  
  117  13:54  Missile Turret x2  
  117  13:55  Marine  
  117  13:56  Missile Turret, Marine x2  
  117  13:58  Factory Tech Lab x2, Missile Turret  
  117  14:00  Missile Turret  
  120  14:04  Thor  
  126  14:11  Missile Turret  
  122  14:19  Command Center  
  122  14:20  Thor x2  
  122  14:23  Marine x3  
  122  14:24  Marine x4  
  138  14:27  Smart Servos  
  138  14:30  Widow Mine x2  
  142  14:41  Marine  
  143  14:46  Command Center  
  143  14:50  Thor  
  143  14:51  Widow Mine x2  
  143  14:52  SCV  
  154  14:58  SCV  
  155  15:02  Refinery x2  
  155  15:07  Refinery  
  155  15:17  SCV  
  155  15:20  Widow Mine  
  152  15:59  Marine  
  152  16:00  Marine x2  
  155  16:11  Barracks  
  155  16:12  Barracks  
  155  16:17  Barracks  
  155  16:18  Barracks  
  155  16:24  Thor x2, Marine x4  
  155  16:25  SCV, Marine x2  
  169  16:26  Marine  
  169  16:27  Thor  
  169  16:31  Thor  
  160  16:37  Viking x2  
  133  16:42  Terran Ship Weapons Level 1, Marine x4  
  133  16:43  Marine x2  
  133  16:44  Marine  
  133  16:45  Starport  
  133  16:46  Starport  
  140  16:50  Orbital Command  
  140  17:00  Marine x3  
  140  17:01  Marine x3  
  141  17:06  Barracks Reactor x2  
  141  17:07  Viking x2, Thor  
  131  17:26  Marine x2  
  131  17:27  Marine x7  
  127  17:32  Hellbat x2  
  127  17:33  Hellbat x3  
  128  17:44  Marine x9  
  128  17:50  Hellion, Command Center  
  139  17:52  Orbital Command  
  139  17:54  Hellion x3  
  145  18:02  Marine x9  
  154  18:19  Marine  
  145  18:20  Marine x8  
  140  18:32  Hellion x2  
  125  18:37  Marine  
  125  18:38  Marine x7  
  125  18:40  Siege Tank x3  
  135  18:42  Marine  
  135  18:45  Siege Tank  
  137  18:55  Marine  
  125  18:56  Marine x7  
  125  19:00  Marine  
  128  19:06  SCV x3  
  131  19:12  Siege Tank  
  131  19:13  Marine  
  131  19:15  Viking x2  
  139  19:25  Planetary Fortress, Refinery  
  139  19:29  Missile Turret  
  139  19:30  Siege Tank x3  
  148  19:32  Hellbat x2  
  148  19:34  SCV  
  148  19:35  Missile Turret  
  148  19:38  Barracks Reactor x2, Marine, Refinery  
  153  19:41  Starport Reactor  
  153  19:42  Starport Reactor  
  153  19:44  Siege Tank  
  157  19:45  Viking, Medivac  
  161  19:54  Hellbat x2  
  166  20:00  SCV x2  
  158  20:15  Medivac  
  157  20:37  SCV x2  
  157  20:38  SCV x3  
  162  20:46  Liberator  
  162  20:47  Liberator x3, Marine  
  162  20:48  Marine x8  
  162  20:49  SCV x2  
  185  20:50  Command Center  
  185  21:45  Command Center  
  185  21:50  Command Center  
Show
View Real Time Build Order
Export as new Build Order

Subwayeatn Zerg 

Build Orders: Hatch First, Roach Hydra 

Get SALT Encoding   

  12  0:00  Drone  
  13  0:12  Overlord  
  13  0:19  Drone  
  14  0:30  Drone x2  
  16  1:07  Hatchery  
  16  1:09  Extractor  
  14  1:12  Drone x3  
  14  1:15  Spawning Pool  
  16  1:27  Drone  
  17  1:36  Drone  
  18  1:44  Drone  
  19  1:55  Overlord  
  19  2:03  Queen  
  19  2:07  Zergling x2  
  22  2:12  Metabolic Boost  
  22  2:17  Zergling x2  
  22  2:19  Queen  
  25  2:26  Drone  
  26  2:33  Drone x2, Baneling Nest  
  27  2:40  Drone  
  28  2:45  Drone  
  28  2:50  Queen  
  31  2:57  Queen  
  33  3:01  Overlord  
  33  3:07  Overlord  
  33  3:15  Drone x3  
  36  3:20  Drone  
  36  3:26  Lair  
  37  3:33  Drone  
  38  3:42  Drone x6  
  44  3:56  Evolution Chamber  
  44  3:58  Evolution Chamber  
  44  4:02  Roach Warren  
  41  4:04  Drone x4, Extractor  
  44  4:16  Queen  
  46  4:23  Hatchery  
  45  4:27  Zerg Missile Weapons Level 1  
  45  4:28  Zerg Melee Weapons Level 1  
  45  4:32  Drone x2  
  45  4:33  Drone  
  45  4:37  Overlord  
  48  4:59  Roach  
  54  5:00  Roach x4  
  58  5:26  Drone x2  
  60  5:29  Overlord  
  60  5:30  Overlord  
  60  5:31  Overlord  
  60  5:34  Extractor  
  60  5:35  Extractor, Queen x2  
  63  5:36  Queen  
  63  5:40  Drone  
  63  5:41  Drone  
  66  5:47  Centrifugal Hooks  
  66  5:48  Spore Crawler x2  
  66  5:49  Drone  
  65  5:52  Drone x2  
  65  5:53  Drone x3, Hydralisk Den  
  65  5:54  Drone  
  65  5:55  Drone x2  
  72  5:57  Glial Reconstitution  
  72  6:10  Queen  
  74  6:24  Overlord  
  74  6:27  Overlord  
  74  6:29  Hydralisk  
  74  6:30  Hydralisk x3  
  82  6:35  Overlord x3  
  82  6:37  Grooved Spines  
  82  6:45  Drone x4  
  86  6:50  Drone x3  
  86  6:51  Overseer  
  89  6:55  Overseer  
  89  6:56  Overseer  
  89  6:58  Overseer  
  89  7:05  Hydralisk x2  
  89  7:07  Zergling x2  
  89  7:08  Zergling x4  
  96  7:27  Muscular Augments  
  96  7:28  Drone x8  
  96  7:29  Drone x2  
  106  7:32  Spore Crawler  
  105  7:37  Drone  
  105  7:41  Overlord  
  106  7:45  Spore Crawler  
  106  7:48  Spore Crawler  
  79  8:10  Hydralisk  
  79  8:11  Hydralisk x12  
  105  8:14  Zergling x8  
  108  8:32  Roach x2  
  96  8:50  Queen x3  
  96  8:54  Zergling x8  
  107  8:55  Zergling x2  
  107  8:56  Zergling x2  
  107  9:01  Hydralisk x2  
  107  9:02  Hydralisk  
  114  9:04  Overlord x4  
  114  9:11  Zerg Missile Weapons Level 2  
  114  9:12  Zerg Melee Weapons Level 2  
  114  9:25  Queen  
  114  9:26  Queen x2  
  102  9:43  Roach x6  
  102  9:44  Roach x13  
  136  9:50  Drone, Extractor  
  136  9:51  Drone x2  
  136  9:53  Extractor  
  133  10:02  Infestation Pit, Hatchery  
  133  10:06  Spire  
  130  10:09  Zergling x2  
  130  10:10  Zergling x10  
  99  10:51  Drone x3  
  99  10:53  Drone x3  
  99  10:54  Drone x7  
  99  10:55  Drone, Queen  
  115  10:59  Queen  
  117  11:05  Drone x4  
  117  11:07  Spore Crawler  
  120  11:15  Drone x6  
  120  11:16  Drone  
  127  11:21  Queen  
  127  11:24  Overseer  
  128  11:32  Zerg Flyer Weapons Level 1  
  128  11:34  Overlord x2  
  128  11:35  Corruptor x6  
  128  11:39  Hive  
  140  11:40  Pneumatized Carapace  
  140  11:46  Drone x3  
  140  11:47  Drone x3  
  145  11:51  Drone  
  145  11:52  Drone x3, Spore Crawler x2  
  145  11:53  Spore Crawler  
  147  11:54  Extractor, Overlord  
  147  11:56  Extractor  
  145  12:04  Drone x3  
  148  12:24  Zergling x2  
  148  12:25  Zergling x24  
  148  12:28  Zerg Ground Armor Level 1  
  161  12:37  Overseer  
  161  12:40  Corruptor x4  
  161  12:41  Corruptor  
  171  13:12  Extractor, Hatchery  
  158  13:14  Extractor  
  158  13:17  Spine Crawler  
  158  13:19  Spore Crawler  
  145  13:20  Spine Crawler  
  145  13:21  Spore Crawler  
  145  13:22  Spine Crawler  
  145  13:24  Spore Crawler  
  135  13:27  Viper  
  135  13:28  Viper x3  
  143  14:08  Drone x5  
  143  14:09  Drone  
  149  14:10  Greater Spire  
  145  14:18  Drone x3  
  148  14:25  Spine Crawler  
  148  14:26  Drone x2, Spine Crawler  
  148  14:32  Queen  
  150  14:42  Overlord x4  
  150  14:44  Overseer  
  150  14:46  Overseer  
  150  14:50  Hydralisk x5  
  150  14:52  Overlord x2, Spine Crawler  
  159  14:54  Hydralisk x3, Spine Crawler  
  159  14:55  Spine Crawler  
  159  14:59  Zergling x2  
  165  15:00  Zergling x16  
  165  15:01  Zergling x16  
  165  15:04  Zerg Missile Weapons Level 3  
  165  15:05  Zerg Melee Weapons Level 3  
  170  15:35  Zergling x14  
  171  15:36  Zergling x34  
  178  15:59  Brood Lord x2  
  178  16:00  Brood Lord x6  
  178  16:01  Brood Lord x2  
  198  16:13  Adrenal Glands  
  198  16:14  Zerg Flyer Weapons Level 2  
  171  16:41  Zergling x18  
  171  16:42  Hydralisk  
  171  16:43  Hydralisk x8  
  189  17:15  Zergling x24  
  130  17:47  Hydralisk  
  130  17:48  Hydralisk x20  
  130  17:49  Hydralisk x4  
  180  18:00  Lurker Den  
  180  18:02  Ultralisk Cavern  
  171  18:20  Queen  
  169  18:27  Drone  
  169  18:28  Drone  
  160  18:37  Zerg Flyer Weapons Level 3  
  160  18:38  Extractor  
  160  18:39  Hatchery  
  158  18:43  Extractor  
  149  19:04  Spine Crawler  
  149  19:05  Spine Crawler  
  149  19:08  Spine Crawler  
  149  19:09  Lurker x5  
  151  19:10  Lurker x8  
  151  19:13  Lurker x4  
  151  19:16  Ultralisk  
  169  19:18  Zergling x6  
  169  19:19  Zergling x52  
  169  19:22  Chitinous Plating  
  198  19:42  Overlord x2  
  198  19:43  Overlord x2  
  198  19:52  Overseer  
  198  19:56  Queen  
  165  20:16  Ultralisk x3  
  165  20:17  Ultralisk  
  186  20:26  Ultralisk  
  192  20:31  Ultralisk  
  189  20:40  Seismic Spines  
  189  20:51  Hydralisk x5  
  193  21:11  Anabolic Synthesis  
  180  21:27  Zergling x26  
  180  21:28  Zergling x16  
Tags
 
Add a new tag
Caveats
  • Supply blocks, unpowered buildings, or Contaminate may cause inaccurate times.
  • Supply counts are checked every 10 seconds.